Cogmind - Beta 14 @@@ ROGUE MODE // 2024.08.13 @ 17:35:09 Player: Andru7428 Result: Destroyed by 8R-AWN with 8R-AWN's Boregun Performance ------------- Evolutions (1) 500 Regions Visited (4) 800 Robots Destroyed (53) 265 Value Destroyed (1233) 1233 Prototype IDs (30) 600 Alien Tech Used (0) 0 Bonus (-241) -241 TOTAL SCORE: 3157 Bonus ------- Aligned with FarCom 300 Friendly Fire -541 Cogmind --------- Core Integrity 0/400 Matter 230/300 Energy 280/280 System Corruption 6% Temperature Cool (0) Movement Core (400) Ox7 Location -9/Exiles Parts ------- > --- POWER (1) -------- Cooled Ion Engine > --- PROPULSION (2) --- (None) > --- UTILITY (4) ------ Medium Storage Unit > --- WEAPON (2) ------- Mace Mace > --- INVENTORY (10) --- Cooled Ion Engine Combat Airjet Heat Sink Improved EM Shotgun Improved EM Shotgun Autogun Mini Grenade Launcher Peak State ------------ > --- POWER ------------ Cooled Ion Engine > --- PROPULSION ------- Light Treads Light Treads > --- UTILITY ---------- Medium Storage Unit Seismic Detector Medium Armor Plating Improved Light Armor Plating > --- WEAPON ----------- Improved EM Shotgun Improved EM Shotgun > --- INVENTORY -------- Cooled Ion Engine Light Treads Light Treads Combat Airjet Heat Sink Improved EM Shotgun Autogun Mini Grenade Launcher Mace Mace [Rating: 20] Favorites ----------- Power Cooled Ion Engine Engine Cooled Ion Engine Propulsion Light Treads Treads Light Treads Utility Seismic Detector Device Seismic Detector Storage Medium Storage Unit Protection Medium Armor Plating Weapon Assault Rifle Energy Gun Improved EM Shotgun Energy Cannon Advanced Beam Cannon Ballistic Gun Assault Rifle Launcher Mini Grenade Launcher Impact Weapon Mace Build | -11 -10 -9 -9 -9 ------- Run | Yrd Mat Mat Min Exi Slots Evolved 2 | . . 2 . . Power . | . . . . . Propulsion . | . . . . . Utility 2 | . . 2 . . Weapon . | . . . . . Parts Attached 57 | 7 11 24 9 6 Power 7 | 1 2 3 . 1 Engine 7 | 1 2 3 . 1 Core . | . . . . . Reactor . | . . . . . Propulsion 14 | 2 1 9 . 2 Treads 14 | 2 1 9 . 2 Leg . | . . . . . Wheel . | . . . . . Hover . | . . . . . Flight . | . . . . . Utility 17 | 2 3 7 5 . Device 7 | 1 2 2 2 . Storage 3 | 1 1 . 1 . Processor . | . . . . . Hackware . | . . . . . Protection 7 | . . 5 2 . Artifact . | . . . . . Weapon 19 | 2 5 5 4 3 Energy Gun 3 | 1 . . 2 . Energy Cannon 2 | . . 1 1 . Ballistic Gun 10 | 1 5 4 . . Ballistic Cannon . | . . . . . Launcher 2 | . . . 1 1 Special Weapon . | . . . . . Impact Weapon 2 | . . . . 2 Slashing Weapon . | . . . . . Piercing Weapon . | . . . . . Special Melee Weapon . | . . . . . Unidentified Prototypes 2 | . . 2 . . Parts Lost 14 | . 1 4 1 8 Power . | . . . . . Propulsion 4 | . . . . 4 Utility 7 | . . 3 1 3 Weapon 3 | . 1 1 . 1 Highest Loss Streak 8 | . 1 2 1 8 To Critical Strikes 5 | . . 1 . 4 Average Slot Usage (%) 97 | . 98 97 99 96 Engine 11 | . 13 11 11 11 Treads 23 | . 27 22 22 20 Device 12 | . 12 14 11 10 Storage 11 | . 14 11 11 11 Protection 14 | . . 15 21 19 Energy Gun 9 | . 7 . 18 19 Energy Cannon 1 | . . 1 1 . Ballistic Gun 12 | . 20 20 2 . Peak Build Rating 20 | 7 8 17 20 20 Average Rating 13 | 5 7 12 19 19 On Entrance 10 | . 7 8 17 20 Naked Turns . | . . . . . Heaviest Build 40 | 12 19 34 40 35 Greatest Support 40 | 40 40 40 40 40 Greatest Overweight (x) 1 | . . . . 1 Average Overweight (x) . | . . . . . Largest Inventory Capacity 10 | 8 10 10 10 10 Average Capacity 9 | 6 9 10 10 10 Most Carried 10 | 6 10 10 10 10 Average Carried 9 | 3 8 9 9 9 Final Capacity 10 | 8 10 10 10 10 Final Carried 10 | 6 10 10 10 7 Class Distribution -------------------- 97% | Mutant Dominant Class ---------------- Mutant | -10/Materials Mutant | -9/Materials Mutant | -9/Mines Mutant | -9/Exiles Resources | -11 -10 -9 -9 -9 ----------- Run | Yrd Mat Mat Min Exi Matter Collected 1494 | 220 259 778 237 . Remotely . | . . . . . Salvage Created 1876 | 25 460 1227 140 24 Parts 124 | 2 34 76 12 . Haulers Intercepted 5 | . 1 4 . . Recyclers Shooed . | . . . . . Parts Field Recycled . | . . . . . Retrieved Matter . | . . . . . Parts Self-Destructed . | . . . . . Prevented . | . . . . . Kills | -11 -10 -9 -9 -9 ------- Run | Yrd Mat Mat Min Exi Combat Hostiles Destroyed 49 | . 12 23 10 4 Guns 34 | . 12 18 4 . Cannons 5 | . . 4 1 . AOE 9 | . . . 5 4 Classes Destroyed 10 | 1 5 3 1 . Worker 3 | . 1 1 1 . Tunneler 2 | 1 . . 1 . Hauler 5 | . 1 4 . . Operator 1 | . . 1 . . Watcher 3 | . 2 1 . . Swarmer 13 | . 5 4 4 . Grunt 18 | . 7 11 . . Brawler 1 | . . 1 . . Sentry 7 | . . 7 . . Assembled 13 | . . . 6 7 Best Kill Streak 6 | 1 5 4 6 4 Combat Bots Only 6 | . 3 4 6 4 Max Kills in Single Turn 3 | 1 2 1 2 3 Gunslinging . | . . . . . Exploded 2 | . . . 2 2 Melee . | . . . . . Uniques/NPCs Destroyed . | . . . . . Combat | -11 -10 -9 -9 -9 -------- Run | Yrd Mat Mat Min Exi Hostile Shots Fired 281 | . 61 116 32 72 Missed 64 | . 12 28 9 15 Damage Taken 3063 | . 483 1198 350 1032 Core 485 | . 84 186 56 159 Absorbed by Shields . | . . . . . Core Remaining (%) 83 | 100 66 . . . Volleys Fired 158 | 3 40 95 16 4 Largest 2 | 2 2 2 2 1 Hottest 91 | 60 60 91 91 30 Shots Fired 312 | 6 80 191 31 4 Gun 269 | 6 80 162 21 . Cannon 36 | . . 29 7 . Launcher 7 | . . . 3 4 Special . | . . . . . Kinetic 224 | 3 52 162 7 . Thermal 67 | 3 28 29 7 . Explosive 7 | . . . 3 4 Electromagnetic 14 | . . . 14 . Robot Hit Streak 14 | 3 14 12 4 . Robot Miss Streak 5 | 1 5 3 5 . Penetration Max . | . . . . . Secondary Targets 1 | . . 1 . . Max Gunslinging Chain 1 | . . 1 . . Shots Hit Robots 216 | 4 51 130 15 16 Core Hits 99 | 1 23 47 16 12 Critical Kills 1 | . . 1 . . Critical Parts Destroyed 1 | . . . . 1 Critical Strikes 2 | . . 1 . 1 Meltdown 1 | . . 1 . . Smash 1 | . . . . 1 Melee Attacks 24 | . . . . 24 Impact 24 | . . . . 24 Slashing . | . . . . . Piercing . | . . . . . Sneak Attacks . | . . . . . Combat Hostiles . | . . . . . Follow-up Attacks 1 | . . . . 1 Damage Inflicted 4041 | 52 632 1835 591 931 Guns 2221 | 52 632 1359 178 . Cannons 538 | . . 476 62 . Explosions 779 | . . . 330 449 Melee 482 | . . . . 482 Ramming 21 | . . . 21 . Kinetic 1880 | 40 443 1359 38 . Thermal 739 | 12 189 476 62 . Explosive 779 | . . . 330 449 Electromagnetic 140 | . . . 140 . Impact 482 | . . . . 482 Slashing . | . . . . . Piercing . | . . . . . Highest Corruption 6 | . . 3 6 6 Average Corruption 4 | . . 2 5 6 Corruption Purged . | . . . . . Corruption Blocked . | . . . . . Effects 68 | . . 16 42 10 Message Errors 18 | . . 4 11 3 Matter Fused 15 | . . 3 11 1 Heat Flow Errors 6 | . . 2 2 2 Energy Discharges 11 | . . 3 7 1 Parts Rejected 1 | . . 1 . . Parts Fused 1 | . . . 1 . Data Loss (minor) 5 | . . . 4 1 Data Loss (major) 5 | . . 2 3 . Misfires 3 | . . 1 2 . Alerts 3 | . . . 1 2 Overload Shots . | . . . . . Overflow Damage 40 | . . . . 40 Projectiles . | . . . . . Explosions . | . . . . . Melee 40 | . . . . 40 Knockbacks 1 | . . . . 1 Impact 1 | . . . . 1 Kinetic . | . . . . . Secondary . | . . . . . Self-Inflicted Damage 48 | . . . 48 . Shots 1 | . . . 1 . Rammed 4 | . . . 4 . Targets Rammed 4 | . . . 4 . Kicked . | . . . . . Crushed . | . . . . . Highest Temperature 286 | . 66 286 260 270 Average Temperature 59 | . 33 46 79 133 Received Heat Transfer 615 | . 183 432 . . Siege Activations . | . . . . . Robots Corrupted . | . . . . . Combat Hostiles . | . . . . . Parts Fried . | . . . . . Impact Corruptions 3 | . . . . 3 Robots Melted 1 | . . 1 . . Combat Hostiles 1 | . . 1 . . Parts Melted 1 | . . 1 . . Heat Transferred 1412 | 25 425 851 111 . Parts Sabotaged . | . . . . . Parts Stolen . | . . . . . Parts Stripped . | . . . . . Power Chain Reactions . | . . . . . Alert | -11 -10 -9 -9 -9 ------- Run | Yrd Mat Mat Min Exi Peak Influence 388 | 5 223 388 172 . Initial 151 | . 3 46 151 . Average 127 | . 107 194 72 . Maximum Alert Level 1 | . 1 1 . . Low Security (%) 79 | 100 97 48 100 . Level 1 20 | . 2 51 . . Level 2 . | . . . . . Level 3 . | . . . . . Level 4 . | . . . . . Level 5 . | . . . . . High Security . | . . . . . Max Security . | . . . . . Squads Dispatched 7 | . 3 4 . . Investigation 3 | . 1 2 . . Extermination . | . . . . . Reinforcement 4 | . 2 2 . . Assault . | . . . . . Garrison . | . . . . . Intercept . | . . . . . Searches Triggered . | . . . . . Construction Impeded . | . . . . . Haulers Reinforced . | . . . . . Active Scanning Responses . | . . . . . Cargo Convoy Interrupts . | . . . . . Stealth | -11 -10 -9 -9 -9 --------- Run | Yrd Mat Mat Min Exi Distress Signals 6 | . 1 5 . . Communications Jammed . | . . . . . Distress Signals . | . . . . . Times Spotted 77 | . 23 36 13 5 Peak Tracking Total 20 | . 5 5 20 6 Tactical Retreats 8 | . 2 4 2 . Traps | -11 -10 -9 -9 -9 ------- Run | Yrd Mat Mat Min Exi Traps Triggered 5 | . 2 3 . . Indirectly . | . . . . . Trap Hack Attempts . | . . . . . Triggered . | . . . . . Disarmed . | . . . . . Reprogrammed . | . . . . . Reused . | . . . . . Traps Extracted . | . . . . . Installed . | . . . . . Triggered . | . . . . . Machines | -11 -10 -9 -9 -9 ---------- Run | Yrd Mat Mat Min Exi Machines Disabled 4 | . . 1 . 3 Max in Single Turn 2 | . . 1 . 2 Machines Repaired . | . . . . . Machines Dismantled . | . . . . . Machines Sabotaged . | . . . . . Overloaded Fab Kills . | . . . . . Hacking | -11 -10 -9 -9 -9 --------- Run | Yrd Mat Mat Min Exi Machines Accessed 13 | . 4 7 . 2 Terminals 11 | . 4 7 . . Fabricators . | . . . . . Repair Stations . | . . . . . Recycling Units . | . . . . . Scanalyzers . | . . . . . Garrison Access . | . . . . . Total Hacks 30 | . 11 17 . 2 Successful 14 | . 5 7 . 2 Failed 16 | . 6 10 . . Catastrophic 4 | . 3 1 . . Database Lockouts . | . . . . . Manual 10 | . 5 4 . 1 Terminals 28 | . 11 17 . . Fabricators . | . . . . . Repair Stations . | . . . . . Recycling Units . | . . . . . Scanalyzers . | . . . . . Garrison Access . | . . . . . Terminal Hacks 13 | . 4 7 . 2 Record 1 | . . . . 1 Prototype ID Bank 3 | . . 3 . . Branch Access Points 1 | . . 1 . . Alert Level 1 | . . 1 . . Locate Traps 2 | . 2 . . . Patrol Status 1 | . 1 . . . Recall Investigation 1 | . . 1 . . Hauler Manifests 2 | . 1 1 . . Derelict Proto ID Bank 1 | . . . . 1 Fabricator Hacks . | . . . . . Repair Station Hacks . | . . . . . Recycling Unit Hacks . | . . . . . Scanalyzer . | . . . . . Garrison Access Hacks . | . . . . . Unauthorized Hacks 1 | . 1 . . . Terminals 1 | . 1 . . . Botnet 1 | . 1 . . . Fabricators . | . . . . . Repair Stations . | . . . . . Recycling Units . | . . . . . Scanalyzers . | . . . . . Garrison Access . | . . . . . Data Cores Recovered 1 | . . 1 . . Used . | . . . . . Hacking Detections 11 | . 4 7 . . Full Trace Events . | . . . . . Feedback Events . | . . . . . Feedback Blocked . | . . . . . Robot Schematics Acquired . | . . . . . Robots Built . | . . . . . Authchips . | . . . . . Time . | . . . . . Total Robot Build Rating . | . . . . . Part Schematics Acquired . | . . . . . Parts Built . | . . . . . Authchips . | . . . . . Time . | . . . . . Total Part Build Rating . | . . . . . Parts Repaired . | . . . . . Time . | . . . . . Parts Recycled . | . . . . . Recycled Matter . | . . . . . Retrieved Matter . | . . . . . Retrieved Components . | . . . . . Parts Scanalyzed . | . . . . . Part Schematics Acquired . | . . . . . Parts Damaged . | . . . . . Bothacking | -11 -10 -9 -9 -9 ------------ Run | Yrd Mat Mat Min Exi Used RIF Installer . | . . . . . Robots Hacked . | . . . . . Non-combat . | . . . . . Combat . | . . . . . Robot Hacks Applied . | . . . . . Relay Couplers Released . | . . . . . Fabnet Peak Effective % . | . . . . . Robots Rewired . | . . . . . Allies Hacked . | . . . . . Hacks Repelled . | . . . . . Allies | -11 -10 -9 -9 -9 -------- Run | Yrd Mat Mat Min Exi Total Allies 2 | . . . 2 . Largest Group 2 | . . . 2 2 Highest-Rated Group 51 | . . . 51 51 Highest-Rated Ally 31 | . . . 31 31 Total Orders . | . . . . . Ally Attacks . | . . . . . Total Damage . | . . . . . Kills . | . . . . . Allies Corrupted . | . . . . . Allies Melted . | . . . . . Intel | -11 -10 -9 -9 -9 ------- Run | Yrd Mat Mat Min Exi Robot Analysis Total . | . . . . . Derelict Logs Recovered 1 | . . . 1 . Drone Launches . | . . . . . Drone Recoveries . | . . . . . Exploration | -11 -10 -9 -9 -9 ------------- Run | Yrd Mat Mat Min Exi Turns Passed 4575 | 98 1089 1594 1331 463 Spaces Moved 2343 | 48 566 725 765 239 Core 3 | 3 . . . . Treads 2340 | 45 566 725 765 239 Legs . | . . . . . Wheels . | . . . . . Hover . | . . . . . Flight . | . . . . . Fastest Speed 50 | 50 160 160 160 160 Average Speed 159 | 153 160 160 160 160 Slowest Speed 240 | 160 160 160 160 240 Overloaded Moves . | . . . . . Propulsion Burnouts . | . . . . . Robots Hopped . | . . . . . Cave-ins Triggered . | . . . . . Exploration Rate (%) 64 | 5 94 74 99 51 Regions Visited 4 Branch Regions 2 Pre-discovered Areas 1 | . . . . 1 Known Exits Taken 1 | . . 1 . . Unknown Exits Taken 3 | 1 1 . 1 . Scrap Searched 1 | . . . 1 . Spaces Dug . | . . . . . Terrain Destroyed 53 | . . . 33 20 Melee . | . . . . . Projectile . | . . . . . AOE 53 | . . . 33 20 Terrain Rammed . | . . . . . Walls Destroyed . | . . . . . Machines Disabled . | . . . . . Actions | -11 -10 -9 -9 -9 --------- Run | Yrd Mat Mat Min Exi Total 2836 | 64 672 987 841 272 Wait 190 | . 44 105 41 . Move 2339 | 47 565 724 764 239 Hop . | . . . . . Pick Up 27 | 7 5 13 2 . Fast Attach 17 | 6 3 6 2 . Attach 11 | 1 3 3 1 3 Detach 2 | . 2 . . . Swap 29 | . 5 15 6 3 Drop 36 | . 5 26 5 . Fire 158 | 3 40 95 16 4 Melee 23 | . . . . 23 Ram . | . . . . . Kick . | . . . . . Crush 4 | . . . 4 . Escape Stasis . | . . . . . Rewire . | . . . . . Trap . | . . . . . Miscellaneous . | . . . . . Route ------- -11/Scrapyard -10/Materials (discovered 4 exits: *Mat x3 / [*Min]) -9/Materials (discovered 5 exits: [*Mat x2] / *Min x2 / *Sto) -9/Mines (discovered 4 exits: [*Mat x2] / *Exi / [*Zio]) -9/Exiles History --------- Turn | Location | Event 9 | -11/Scrapyard | Discovered new exit (range 15) 99 | -11/Scrapyard | Entered Materials 302 | -10/Materials | Build established: Mutant 316 | -10/Materials | Discovered new exit (range 16) 513 | -10/Materials | Discovered new exit (range 15) 636 | -10/Materials | Discovered new exit (range 8) 1167 | -10/Materials | Discovered new exit (range 11) 1188 | -10/Materials | Entered another Materials area 1188 | -9/Materials | Evolved 2 slots: Utility x2 1258 | -9/Materials | Discovered new exit (range 13) 1470 | -9/Materials | Discovered new exit (range 9) 1630 | -9/Materials | Discovered new exit (range 9) 1677 | -9/Materials | Identified exit to Mines 1677 | -9/Materials | Identified exit to Storage 2495 | -9/Materials | Discovered new exit (range 9) 2782 | -9/Materials | Entered Mines 2783 | -9/Mines | Assembled infested the area 2797 | -9/Mines | Core integrity fell below 50% 2925 | -9/Mines | Discovered new exit (range 12) 3089 | -9/Mines | Learned 2 Materials zone layouts 3536 | -9/Mines | Discovered new exit (range 5) 3681 | -9/Mines | A Derelict revealed a hidden shortcut to a safe place 3699 | -9/Mines | Discovered new exit (range 11) 4113 | -9/Mines | Entered Exiles 4113 | -9/Exiles | Accompanied by 2 allies 4143 | -9/Exiles | Led the pair of lost Derelicts to a safe place 4152 | -9/Exiles | Met 8R-AWN 4177 | -9/Exiles | Met EX-HEX 4235 | -9/Exiles | Met EX-BIN 4254 | -9/Exiles | Aligned with FarCom system 4256 | -9/Exiles | Given EX-Vault access code 4293 | -9/Exiles | Opened EX-Vault 4331 | -9/Exiles | Warned to stay clear of 0b10 Research branches 4377 | -9/Exiles | Met EX-DEC 4385 | -9/Exiles | Learned location of Zion (-7) 4481 | -9/Exiles | Attacked by the Exiles 4506 | -9/Exiles | Murdered 3 allies 4545 | -9/Exiles | Core integrity fell below 20% 4576 | -9/Exiles | Destroyed by 8R-AWN with 8R-AWN's Boregun Last Messages --------------- 04551_ Imp. EM Shotgun destroyed. 04551_ Penetrated by HV Slug. 04551_ Critical hit (Destroy). 04555_ Penetrated by HV Slug. 04555_ Imp. Light Armor Plating destroyed. 04555_ HV Slug penetrates Wall. 04559_ Penetrated by HV Slug. 04559_ Critical hit (Destroy). 04559_ Lgt. Treads destroyed. 04559_ Penetrated by HV Slug. 04559_ Seismic Detector destroyed. 04563_ Penetrated by HV Slug. 04563_ HV Slug penetrates Wall. 04565_ Mace follow-up attack on 8R-AWN. 04568_ Penetrated by HV Slug. 04571_ 8R-AWN suffers critical hit (Smash). 04571_ Destroyed Prototype Leg. 04571_ 8R-AWN system corrupted by crushing effect. 04572_ Penetrated by HV Slug. Map ----- +----------------------------------------------------+ | #????????????????????????????????????????????????? | | #????????????????????????????????????????????????? | | #????????????????????????????????????????????????? | | #????????????????????????????????????????????????? | | #????????????????????????????????????????????????? | | #????????????????????????????????????????????????? | | "????????????????????????????????????????????????? | | #????????????????????????????????????????????????? | | "????????????????????????????????????????????????? | | #????????????????????????????????????????????????? | | #????????????????????????????????????????????????? | | #????????????????????????????????????????????????? | | ?????????????????????????????????????????????????? | | ?????????????????????????????????????????????????? | | ??????????????????????????????????????????? ?????? | | ######????????????????????????????????????? ???? | | """"""##??????????????????????????????????? ??? | | "" """"##?????????????????????????????????# #??? | | " " #???????????????????????????????## ##?? | | " """#???????????????????????????????# #?? | | " "#???????????#####???????????????# #?? | | " "##?????????##" #??????????????## ??? | | ""###???????#" #?????????????## #???? | | """#??????##" ##????????????# #???? | | "######## ###????????### #????? | | ;; ; @g########## #????? | | ##### #""""## #?????? | | ##; * ##????? | | ## * #????? | | #### ##???? | | ""#?#"""""#### ###?? | | #"""##?#######??#### * ### | | "#####??????????????##### # | | ###??????????????????????### | | " #??????????????????????????### | | " ?????????????????????????????### | | "#" ##??????????????????????????????#" | | "## #???????????????????????????????#### | | #?# #???????????????????????????????????# | | ???## ????????????????????????????????????## | | ????#####??????????????????????????????????????### | | ?????????????????????????????????????????????????# | | ?????????????????????????????????????????????????# | | ?????????????????????????????????????????????????? | | ?????????????????????????????????????????????????? | | ?????????????????????????????????????????????????? | | ?????????????????????????????????????????????????? | | ?????????????????????????????????????????????????? | | ?????????????????????????????????????????????????? | | ?????????????????????????????????????????????????? | +----------------------------------------------------+ Best States ------------- Heat Dissipation 38 Energy Generation 14 Energy Capacity 280 Matter Stores 300 Matter Capacity 300 Sight Range 16 Terrain Scan Density 10 Armor Coverage 450 Evasion (%) 40 Recoil Reduction 2 Item Schematics ----------------- None Robot Schematics ------------------ None Fabricated ------------ Nothing Alien Tech Used ----------------- None Achievements -------------- None Challenges ------------ None Game ------ Seed PointBiomechanicalCorpse Manual? 0 Play Time 00:30:07 Cumulative 219.6 hours Start 2024.08.13 @ 16:25:31 End 2024.08.13 @ 17:35:09 Sessions 1 Manual Loads 0 Difficulty Rogue Special Mode None Game No. 165 Rogue 165 Adventurer 0 Explorer 0 Win Type - Total 3 Types 3/0/0/0/0/0/0/0/0 Lore% 58 Gallery% 72 Achievement% 62 Wizard Run 0 Options --------- Layout 1 ASCII 0 Keyboard 1 Movement Numpad Keybinds 0 Fullscreen 2 Font 24/Smallcaps Map View 50x35 Zoom Use 0% Tactical HUD 1 Map Filters NONE Filters NONE Steam 1 RUN: b66869b8-bf2f-490f-87ed-e7a2c609f3f1